 Dungeon Crawl Stone Soup version 0.30-a0-465-g8901f6c8b5 (webtiles) character file.

Game seed: 2562704804648098894

66 cforsyth the Cudgeller (level 3, -1/33 HPs)
             Began as an Armataur Gladiator on Dec 19, 2022.
             Killed by divine providence
             ... invoked by an orc priest
              (14 damage)
             ... on level 3 of the Dungeon.
             The game lasted 00:02:35 (1622 turns).

cforsyth the Cudgeller (Armataur Gladiator)         Turns: 1622, Time: 00:02:35

Health: -1/33      AC:  5    Str: 19    XL:     3   Next: 96%
Magic:  3/3        EV: 23    Int: 10    God:
Gold:   81         SH:  6    Dex: 11    Spells: 2/2 levels left

rFire   . . .      SeeInvis .    a - +0 flail
rCold   . . .      Faith    .    r - +0 kite shield
rNeg    . . .      Spirit   .    b - +0 leather armour
rPois   .          Reflect  .    c - +0 helmet
rElec   .          Harm     .    (no cloak)
rCorr   +          Roll     +    (no gloves)
Will    .....                    (no barding)
Stlth   +.........               q - amulet of the acrobat
HPRegen 0.25/turn                k - ring of resist corrosion
MPRegen 0.08/turn                (no ring)

@: acrobatic
A: large, rugged brown scales 3, deformed body, armoured tail, roll, long
tongue, awkward tongue
a: no special abilities


You were on level 3 of the Dungeon.
You visited 1 branch of the dungeon, and saw 3 of its levels.

You collected 81 gold pieces.

Inventory:

Hand Weapons
 a - a +0 flail (weapon)
Missiles
 d - 3 throwing nets (quivered)
 e - 6 javelins
Armour
 b - a +0 leather armour (worn)
 c - a +0 helmet (worn)
 r - a +0 kite shield (worn)
Jewellery
 k - a ring of resist corrosion (left hand)
 q - an amulet of the acrobat (around neck)
Wands
 u - a wand of flame (5)
Scrolls
 i - a scroll of poison {unknown}
 j - a scroll of teleportation {unknown}
 l - a scroll of summoning {unknown}
 m - 2 scrolls of fear {unknown}
 n - a scroll of magic mapping {unknown}
 p - a scroll of enchant armour {unknown}
 t - a scroll of blinking {unknown}
Potions
 f - 2 potions of curing {unknown}
 g - a potion of lignification {unknown}
 h - a potion of flight {unknown}
 o - 2 potions of degeneration {unknown}
 s - a potion of heal wounds {unknown}


   Skills:
 + Level 3.0 Fighting
 + Level 3.6 Maces & Flails
 - Level 1.7 Throwing
 + Level 0.2 Armour
 - Level 2.1 Dodging
 + Level 0.0 Shields


You had 2 spell levels left.
You didn't know any spells.
Your spell library contained the following spells:

 Spells                   Type           Power      Damage    Failure   Level
 Cigotuvi's Dreadful Rot  Necr/Pois/Air  0%         N/A       88%         2
 Dispel Undead            Necr           0%         3d6       100%        4
 Freezing Cloud           Conj/Ice/Air   0%         6-21      100%        5
 Death Channel            Necr           0%         N/A       100%        6
 Simulacrum               Ice/Necr       0%         N/A       100%        6
 Polar Vortex             Ice            0%         N/A       100%        9


Dungeon Overview and Level Annotations

Branches:
Dungeon (3/15)

Altars:
Cheibriados
Elyvilon
Qazlal
Yredelemnul


Innate Abilities, Weirdness & Mutations

You are completely covered in rugged brown scales. (AC +3, +7% HP)
Armour fits poorly on your strangely shaped body.
You have a long armoured tail.
You roll when moving toward enemies. (Rampage)
Your long tongue fully drains potion bottles. (2x potion effects)
Your tongue gives you trouble enunciating. (1.5x scroll delay)


Message History

The quokka is severely wounded.
The quokka barely misses you.
You barely miss the quokka. You tail-slap the quokka.
You kill the quokka!
Found a stone.
HP restored.
You pick up a book of Decay and begin reading...
You add the spells Cigotuvi's Dreadful Rot, Dispel Undead and Death Channel to your library.
u - a wand of flame (5)
Found a pair of gloves.
A shadow imp comes into view.
The shadow imp shouts, "Remove thy stench, thou simpering fat-kidneyed beggar!"
An orc comes into view. It is wielding a +0 club.
There are monsters nearby!
There are monsters nearby!
There are monsters nearby!
You roll towards the shadow imp!
An orc priest comes into view. It is wielding a +0 hand axe.
The orc shouts!
An orc comes into view. It is wielding a +0 mace.
You thump the shadow imp!
The shadow imp is almost dead.
The shadow imp gestures at you. Pain shoots through your body!
The shadow imp completely misses you.
You are too injured to fight recklessly!
You are too injured to fight recklessly!
You are too injured to fight recklessly!
You are too injured to fight recklessly!
You are too injured to fight recklessly!
You are too injured to fight recklessly!
You are too injured to fight recklessly!
You are too injured to fight recklessly!
You are too injured to fight recklessly!
You are too injured to fight recklessly!
You are too injured to fight recklessly!
The shadow imp gestures at you. Pain shoots through your body!
The orc priest calls down the wrath of Beogh upon you.
Beogh smites you!
You die...

## ...#.##....... ..
##....##............
...##............<######
..#.........####.# ###
...?..>....####.##...#
#.........#.......#
#...........#.####
#[...#.......###8##
#######@# ##....####...#
#ooo5...#.#####.# #_.#..
.....#####.#.......#
##...# #.# #......####.##
##8##
#.#.##.####..#######
######.#.....##.........#
#........##.............#
#.####.####.......#.....#
#.####...##..#._...#


You could see an orc priest, a shadow imp and 2 orcs.

Vanquished Creatures
  An adder (D:2)
  A dart slug (D:2)
  5 ball pythons (D:1)
  2 endoplasms
  4 giant cockroaches
  6 goblins
  4 hobgoblins (D:1)
  2 jackals (D:1)
  9 kobolds
  4 quokkas
  2 bats
  4 frilled lizards (D:1)
  5 rats
49 creatures vanquished.

Notes
Turn   | Place    | Note
-------+----------+-------------------------------------------
     0 | D:1      | cforsyth the Armataur Gladiator began the quest for the
                  | Orb.
     0 | D:1      | Reached XP level 1. HP: 18/18 MP: 1/1
   167 | D:1      | Reached XP level 2. HP: 17/25 MP: 2/2
   481 | D:1      | Reached XP level 3. HP: 17/32 MP: 3/3
   798 | D:2      | Found a faded altar of an unknown god.
  1149 | D:2      | Found a white marble altar of Elyvilon.
  1484 | D:3      | Found a stormy altar of Qazlal.
  1492 | D:3      | Found a basalt altar of Yredelemnul.
  1549 | D:3      | Found a snail-covered altar of Cheibriados.
  1622 | D:3      | Killed from afar by an orc priest

Illustrated notes

Levels and vault maps discovered:
D:1:      tekkud_arrival_beachfront_property, layout_basic,
          minmay_split_cup_small
D:2:      layout_loops_ring, basic_altar, basic_ecumenical_altar
D:3:      cheibrodos_thug_alley, layout_loops_cross,
          amethyst_overflow_temple_binary, mainiacjoe_overflow_chevrons,
          minmay_close_crescents

Skill      XL: |  1  2  3 |
---------------+----------+-----
Fighting       | 2 3 |  3.0
Maces & Flails | 3 |  3.6
Throwing       | |  1.7
Armour         | |  0.2
Dodging        | |  2.1

Action                   || total
-------------------------++-------
Melee: Flail             ||   127
       Tailslap          ||    10
Armor: Leather armour    ||    57
Dodge: Dodged            ||    70
Block: Kite shield       ||     5

Table legend: (Time is in decaauts)
 A = Elapsed time spent in this place.
 B = Non-inter-level travel time spent in this place.
 C = Inter-level travel time spent in this place.
 D = Time resting spent in this place.
 E = Time spent auto-exploring this place.
 F = Levels seen in this place.
 G = Mean time per level.
                   A        B        C        D        E       F      G
               +--------+--------+--------+--------+--------+-----+--------+
         Total |   1654 |   1626 |     28 |      0 |   1163 |   3 |  551.3 |
       Dungeon |   1654 |   1626 |     28 |      0 |   1163 |   3 |  551.3 |
               +--------+--------+--------+--------+--------+-----+--------+

Top non-repeatable levels by time:
     D:1: 798 daAuts
     D:2: 646 daAuts
     D:3: 209 daAuts
